Knights vs Rafales (R1)

Created - March 17, 2020 at 08:16

Goals
1 2 3 T
Knights 0 5 2 7
Rafales 2 0 1 3
Shots
1 2 3 T
Knights 15 10 12 37
Rafales 8 17 10 35

1st period

1. Rafales , Tim Crowder 24 (Kevin Veilleux 19, Slater Koekkoek 9) at 8:14
2. Rafales , Andrew Shaw 36 (Carl Klingberg 40, Bruno Gervais 26) at 19:39

Penalties :
Tomas Kundratek (Lon) for Hooking (Minor) at 2:26, Slater Koekkoek (Stf) for Slashing (Minor) at 5:38

2nd period

3. Knights , Ryan Strome 24 (Miro Aaltonen 38, Dwight King 39) at 6:54
4. Knights , Linden Vey 27 (Nikolaj Ehlers 25, Brendan Gaunce 17) at 7:29
5. Knights , Linden Vey 28 (Nikolaj Ehlers 26, Brendan Gaunce 18) at 10:21
6. Knights , Nikolaj Ehlers 16 (Brendan Gaunce 19, Jaccob Slavin 31) at 17:10
7. Knights , Collin Miller 3 (Jaccob Slavin 32, Brendan Gaunce 20) at 18:01 (PP)

Penalties :
Nikolaj Ehlers (Lon) for Holding (Minor) at 14:29, Ben Thomson (Stf) for Hooking (Minor) at 17:49

3rd period

8. Knights , Nikolay Goldobin 7 (Ludwig Bystrom 10) at 2:08
9. Rafales , Ben Thomson 7 (Julian Melchiori 22, Joe Labate 7) at 14:28
10. Knights , Collin Miller 4 (Dwight King 40, Miro Aaltonen 39) at 15:34 (PP)

Penalties :
Joe Labate (Stf) for Boarding (Minor) at 9:07, Borna Rendulic (Stf) for Hooking (Minor) at 15:30

Goalie Stats

Magnus Hellberg (Lon), 32 saves from 35 shots - (0.914), W, 24-16-4, 60:00 minutes
Leland Irving (Stf), 21 saves from 27 shots - (0.778), L, 14-13-2, 42:08 minutes
Jake Allen (Stf), 9 saves from 10 shots - (0.900), 17:52 minutes

Players Stats for Knights

Player Name              G  A  P  +/- PIM S  H  SB GA TA FO     MP     PP MP  PK MP  
------------------------------------------------------------------------------------
Brendan Gaunce           0  4  4   2  0   2  2  0  1  0  10/21  18:32   1:57   0:53 
Collin Miller            2  0  2   1  0   3  1  1  0  1  0/0    18:03   2:19   0:31 
Dwight King              0  2  2   0  0   4  3  1  1  0  1/4    23:02   2:17   1:57 
Jaccob Slavin            0  2  2   1  0   3  0  1  2  0  0/0    24:58   2:19   1:24 
Jordan Martinook         0  0  0  -1  0   3  2  1  1  1  1/1    12:19   0:00   2:01 
Kevin Fiala              0  0  0   1  0   1  0  0  0  0  0/1     7:02   0:00   0:00 
Linden Vey               2  0  2   2  0   6  5  0  2  0  0/0    16:27   2:17   0:00 
Ludwig Bystrom           0  1  1   1  0   0  0  2  0  0  0/0    11:09   0:00   0:50 
Michael Matheson         0  0  0   0  0   0  0  0  0  0  0/0    18:45   1:55   1:33 
Miro Aaltonen            0  2  2   0  0   5  1  0  0  0  14/29  21:03   2:17   0:00 
Nicolas Petan            0  0  0  -1  0   1  2  0  0  0  2/6    10:16   0:00   0:00 
Nikolaj Ehlers           1  2  3   2  2   2  1  0  2  1  0/0    17:38   1:57   0:00 
Nikolay Goldobin         1  0  1   1  0   1  0  0  0  0  0/0     7:02   0:00   0:00 
Olli Maatta              0  0  0   1  0   2  2  1  0  0  0/0    22:17   0:00   2:25 
Ryan Strome              1  0  1  -1  0   2  0  1  1  0  1/3    22:41   1:57   1:08 
Tomas Kundratek          0  0  0   0  2   1  1  0  0  1  0/0    24:49   1:55   1:13 
Valentin Zykov           0  0  0   2  0   0  0  0  1  1  0/0     8:33   0:00   0:49 
Vince Hinostroza         0  0  0  -1  0   1  0  0  0  0  0/1    11:24   0:00   1:08 

Players Stats for Rafales

Player Name              G  A  P  +/- PIM S  H  SB GA TA FO     MP     PP MP  PK MP  
------------------------------------------------------------------------------------
Akim Aliu                0  0  0   0  0   0  0  0  0  0  0/0     0:11   0:11   0:00 
Andrew Shaw              1  0  1   0  0   3  1  2  0  0  4/4    20:49   2:12   2:12 
Ben Johnson              0  0  0   0  0   0  0  0  0  0  0/0     1:03   0:00   1:03 
Ben Sexton               0  0  0   0  0   0  0  0  0  0  0/0     1:30   0:00   0:11 
Ben Thomson              1  0  1   0  2   1  1  1  0  0  0/0    10:51   0:00   0:00 
Borna Rendulic           0  0  0   0  2   3  3  0  1  0  0/0    11:02   0:11   0:00 
Brad Ross                0  0  0   0  0   0  0  0  0  0  0/0     1:13   0:11   1:02 
Bruno Gervais            0  1  1  -1  0   4  2  0  1  2  0/0    32:38   2:45   2:22 
Carl Klingberg           0  1  1   0  0   1  2  2  0  1  4/8    20:49   2:12   2:12 
Chris Terry              0  0  0  -2  0   2  2  0  0  2  1/1    17:04   1:35   0:00 
Dylan McIlrath           0  0  0  -2  0   2  3  0  0  0  0/0    24:45   1:13   1:52 
James Marcou             0  0  0  -1  0   2  0  0  0  1  0/0     8:25   0:00   0:00 
Jayson Megna             0  0  0  -2  0   3  0  0  0  0  10/13  17:04   1:35   0:00 
Joe Labate               0  1  1   0  2   2  3  1  0  0  1/6    10:52   0:00   0:00 
Joey Laleggia            0  0  0  -2  0   1  0  0  0  1  0/0    20:35   1:13   1:52 
Julian Melchiori         0  1  1  -1  0   1  2  5  1  2  0/0    29:34   2:45   2:22 
Kevin Veilleux           0  1  1   1  0   4  3  0  0  1  15/30  20:07   2:12   0:54 
Ryan Bourque             0  0  0  -1  0   1  0  0  1  1  2/3     8:25   0:00   0:00 
Slater Koekkoek          0  1  1   3  2   0  0  3  0  0  0/0    11:45   0:00   0:00 
Tim Crowder              1  0  1  -1  0   5  1  0  1  0  0/1    18:35   1:35   0:54 
Tyrell Goulbourne        0  0  0  -1  0   0  3  2  0  0  0/0     8:25   0:00   0:00 

3 Stars

1 - Linden Vey (Lon)
2 - Brendan Gaunce (Lon)
3 - Collin Miller (Lon)

Power Play

Knights - 2 on 4 Attempt(s) - 50.00%
Rafales - 0 on 2 Attempt(s) - 0.00%

Penalty Kill

Knights - 2 on 2 Attempt(s) - 100.00% - Score 0 goal in Penalty Kill
Rafales - 2 on 4 Attempt(s) - 50.00% - Score 0 goal in Penalty Kill

Team Stat

Knights - Hits : 20 - Faceoff Wins : 29 - Blocked Shots : 8 - Penalty Minutes : 4
Rafales - Hits : 26 - Faceoff Wins : 37 - Blocked Shots : 16 - Penalty Minutes : 8

Official

Referees : Unknown
Linesman : Unknown

Game Notes

Jake Allen enters game at 2:08 of 3rd period

Finance

Level 1 -- Attendance: 1330 (66.50%) -- Ticket Income $53,200
Level 2 -- Attendance: 719 (71.90%) -- Ticket Income $14,380
Total Attendance: 2049 (68.30%)
Total Ticket Income: $67,580
Other Income: $3,379
Total Income: $70,959

Knights

5 vs 5 Forward 
   Center                   Left Wing                Right Wing               Time % Phy DF OF 
 1 Miro Aaltonen            Dwight King              Ryan Strome              40     1   1  3  
 2 Brendan Gaunce           Nikolaj Ehlers           Linden Vey               30     1   2  2  
 3 Nicolas Petan            Jordan Martinook         Vince Hinostroza         20     0   2  3  
 4 Kevin Fiala              Valentin Zykov           Nikolay Goldobin         10     0   2  3  

5 vs 5 Defense 
   Defense                  Defense                                           Time % Phy DF OF 
 1 Jaccob Slavin            Tomas Kundratek                                   40     1   2  2  
 2 Collin Miller            Olli Maatta                                       30     1   2  2  
 3 Michael Matheson         Ludwig Bystrom                                    20     1   2  2  
 4 Michael Matheson         Olli Maatta                                       10     1   2  2  

PowerPlay Forward 
   Center                   Left Wing                Right Wing               Time % Phy DF OF 
 1 Miro Aaltonen            Dwight King              Linden Vey               60     0   1  4  
 2 Brendan Gaunce           Nikolaj Ehlers           Ryan Strome              40     0   1  4  

PowerPlay Defense
   Defense                  Defense                                           Time % Phy DF OF 
 1 Collin Miller            Jaccob Slavin                                     60     0   1  4  
 2 Michael Matheson         Tomas Kundratek                                   40     0   1  4  

Penalty Kill 4 Players Forward 
   Center                   Wing                     Time % Phy DF OF 
 1 Dwight King              Jordan Martinook         60     1   3  1  
 2 Ryan Strome              Vince Hinostroza         40     1   3  1  

Penalty Kill 4 Players Defense
   Defense                  Defense                  Time % Phy DF OF 
 1 Tomas Kundratek          Olli Maatta              60     1   3  1  
 2 Jaccob Slavin            Michael Matheson         40     1   3  1  

Penalty Kill - 3 Players Forward 
   Forward                                           Time % Phy DF OF 
 1 Dwight King                                       60     0   4  1  
 2 Vince Hinostroza                                  40     0   4  1  

Penalty Kill - 3 Players Defense
   Defense                  Defense                  Time % Phy DF OF 
 1 Jaccob Slavin            Olli Maatta              60     1   3  1  
 2 Michael Matheson         Tomas Kundratek          40     1   3  1  

4 vs 4 Forward 
   Center                   Wing                     Time % Phy DF OF 
 1 Nikolaj Ehlers           Linden Vey               60     1   2  2  
 2 Miro Aaltonen            Dwight King              40     1   2  2  

4 vs 4 Defense
   Defense                  Defense                  Time % Phy DF OF 
 1 Tomas Kundratek          Jaccob Slavin            60     1   2  2  
 2 Olli Maatta              Collin Miller            40     1   2  2  

Last Minutes Offensive
   Center                   Left Wing                Right Wing               Defense                  Defense                  
   Miro Aaltonen            Dwight King              Linden Vey               Tomas Kundratek          Jaccob Slavin            

Last Minutes Defensive
   Center                   Left Wing                Right Wing               Defense                  Defense                  
   Miro Aaltonen            Jordan Martinook         Vince Hinostroza         Olli Maatta              Tomas Kundratek          

Goaltenders
Starting : Magnus Hellberg          
Backup : Elvis Merzlikins         

Extra Forwards
Normal : Jordan Martinook, Linden Vey, Dwight King - PP : Linden Vey, Miro Aaltonen - PK : Dwight King
Extra Defensemen
Normal : Olli Maatta, Michael Matheson, Collin Miller - PP : Michael Matheson - PK : Ludwig Bystrom, Michael Matheson
Penalty Shots
Kevin Fiala, Miro Aaltonen, Ryan Strome, Linden Vey, Dwight King

Scratches
Noel Acciari (Torn Right Knee Ligaments Injury), Zach Nastasiuk (Healthy), Nicklas Jensen (Healthy), Alan Quine (Healthy), David Shields (Healthy)
Matthew Benning (Healthy), Trevor Moore (Healthy), Scott Wilson (Healthy), Curtis Valk (Healthy), Anthony Louis (Healthy)
Travis Boyd (Healthy), Fredrik Claesson (Healthy), Mackenzie MacEachern (Healthy), Jayce Hawryluk (Healthy), Nathan Walker (Right Leg Injury)
A.J. Jenks (Healthy), Ryan Collins (Healthy), William Lagesson (Healthy), Eamon McAdam (Healthy), Philippe Desrosiers (Healthy)
Ville Husso (Healthy)

Rafales

5 vs 5 Forward 
   Center                   Left Wing                Right Wing               Time % Phy DF OF 
 1 Kevin Veilleux           Carl Klingberg           Andrew Shaw              40     1   2  2  
 2 Jayson Megna             Chris Terry              Tim Crowder              30     1   2  2  
 3 Joe Labate               Ben Thomson              Borna Rendulic           20     1   2  2  
 4 Ryan Bourque             Tyrell Goulbourne        James Marcou             10     1   2  2  

5 vs 5 Defense 
   Defense                  Defense                                           Time % Phy DF OF 
 1 Bruno Gervais            Julian Melchiori                                  40     1   2  2  
 2 Dylan McIlrath           Joey Laleggia                                     30     1   2  2  
 3 Slater Koekkoek          Bruno Gervais                                     20     1   2  2  
 4 Julian Melchiori         Dylan McIlrath                                    10     1   2  2  

PowerPlay Forward 
   Center                   Left Wing                Right Wing               Time % Phy DF OF 
 1 Kevin Veilleux           Carl Klingberg           Andrew Shaw              60     1   2  2  
 2 Jayson Megna             Chris Terry              Tim Crowder              40     1   2  2  

PowerPlay Defense
   Defense                  Defense                                           Time % Phy DF OF 
 1 Bruno Gervais            Julian Melchiori                                  60     1   2  2  
 2 Dylan McIlrath           Joey Laleggia                                     40     1   2  2  

Penalty Kill 4 Players Forward 
   Center                   Wing                     Time % Phy DF OF 
 1 Carl Klingberg           Andrew Shaw              60     1   2  2  
 2 Tim Crowder              Kevin Veilleux           40     1   2  2  

Penalty Kill 4 Players Defense
   Defense                  Defense                  Time % Phy DF OF 
 1 Bruno Gervais            Julian Melchiori         60     1   2  2  
 2 Dylan McIlrath           Joey Laleggia            40     1   2  2  

Penalty Kill - 3 Players Forward 
   Forward                                           Time % Phy DF OF 
 1 Carl Klingberg                                    60     1   2  2  
 2 Andrew Shaw                                       40     1   2  2  

Penalty Kill - 3 Players Defense
   Defense                  Defense                  Time % Phy DF OF 
 1 Bruno Gervais            Julian Melchiori         60     1   2  2  
 2 Dylan McIlrath           Joey Laleggia            40     1   2  2  

4 vs 4 Forward 
   Center                   Wing                     Time % Phy DF OF 
 1 Carl Klingberg           Andrew Shaw              60     1   2  2  
 2 Tim Crowder              Kevin Veilleux           40     1   2  2  

4 vs 4 Defense
   Defense                  Defense                  Time % Phy DF OF 
 1 Bruno Gervais            Julian Melchiori         60     1   2  2  
 2 Dylan McIlrath           Joey Laleggia            40     1   2  2  

Last Minutes Offensive
   Center                   Left Wing                Right Wing               Defense                  Defense                  
   Kevin Veilleux           Carl Klingberg           Andrew Shaw              Bruno Gervais            Julian Melchiori         

Last Minutes Defensive
   Center                   Left Wing                Right Wing               Defense                  Defense                  
   Kevin Veilleux           Carl Klingberg           Andrew Shaw              Bruno Gervais            Julian Melchiori         

Goaltenders
Starting : Leland Irving            
Backup : Jake Allen               

Extra Forwards
Normal : Akim Aliu, Brad Ross, Ben Johnson - PP : Akim Aliu, Brad Ross - PK : Ben Johnson
Extra Defensemen
Normal : Slater Koekkoek, Joey Laleggia, Bruno Gervais - PP : Slater Koekkoek - PK : Joey Laleggia, Bruno Gervais
Penalty Shots
Carl Klingberg, Andrew Shaw, Tim Crowder, Kevin Veilleux, Chris Terry

Scratches
Brian Ferlin (Back Injury), Connor Murphy (Sports Hernia Injury), Nathan Davis (Healthy), David Broll (Healthy), Maksim Mayorov (Broken Right Foot Toe Injury)
Chris Driedger (Healthy), Sean Maguire (Healthy)

% Time on Ice - Knights

Lines # - Real PCT - Wanted PCT - Time Play
Normal Forward
1 - 38% - 40% - 19:30
2 - 29% - 30% - 15:00
3 - 20% - 20% - 10:16
4 - 14% - 10% - 7:02
Normal Defense
1 - 42% - 40% - 21:36
2 - 30% - 30% - 15:42
3 - 20% - 20% - 10:19
4 - 8% - 10% - 4:11
PP Forward
1 - 54% - 60% - 2:17
2 - 46% - 40% - 1:57
PP Defense
1 - 55% - 60% - 2:19
2 - 45% - 40% - 1:55
PK Forward
1 - 71% - 60% - 2:50
2 - 29% - 40% - 1:08
PK Defense
1 - 65% - 60% - 2:34
2 - 35% - 40% - 1:24
PK3 Forward
1 - 0% - 60%
2 - 0% - 40%
PK3 Defense
1 - 0% - 60%
2 - 0% - 40%
44 Forward
1 - 0% - 60%
2 - 0% - 40%
44 Defense
1 - 0% - 60%
2 - 0% - 40%
Last Minute Offensive  - 0:00
Last Minute Defensive  - 0:00
Total
Forward - 60:00
Defense - 60:00

% Time on Ice - Rafales

Lines # - Real PCT - Wanted PCT - Time Play
Normal Forward
1 - 32% - 40% - 16:25
2 - 31% - 30% - 16:06
3 - 21% - 20% - 10:52
4 - 16% - 10% - 8:25
Normal Defense
1 - 36% - 40% - 18:49
2 - 34% - 30% - 17:30
3 - 19% - 20% - 10:02
4 - 11% - 10% - 5:27
PP Forward
1 - 60% - 60% - 2:23
2 - 40% - 40% - 1:35
PP Defense
1 - 69% - 60% - 2:45
2 - 31% - 40% - 1:13
PK Forward
1 - 79% - 60% - 3:20
2 - 21% - 40% - 0:54
PK Defense
1 - 56% - 60% - 2:22
2 - 44% - 40% - 1:52
PK3 Forward
1 - 0% - 60%
2 - 0% - 40%
PK3 Defense
1 - 0% - 60%
2 - 0% - 40%
44 Forward
1 - 0% - 60%
2 - 0% - 40%
44 Defense
1 - 0% - 60%
2 - 0% - 40%
Last Minute Offensive  - 0:00
Last Minute Defensive  - 0:00
Total
Forward - 60:00
Defense - 60:00

Play-by-Play

1st period


0:01 of 1st period - Miro Aaltonen wins face-off versus Kevin Veilleux in neutral zone.
0:10 of 1st period - Wrist shot by Dwight King.
0:10 of 1st period - Deflect By Miro Aaltonen.
0:10 of 1st period - Stopped by Leland Irving without a rebound.
0:11 of 1st period - Brendan Gaunce wins face-off versus Jayson Megna in Rafales zone.
0:12 of 1st period - Snap shot by Linden Vey.
0:12 of 1st period - Stopped by Leland Irving with a rebound.
0:24 of 1st period - Icing by Nikolaj Ehlers.
0:25 of 1st period - Brendan Gaunce wins face-off versus Joe Labate in Knights zone.
1:20 of 1st period - Snap shot by Borna Rendulic.
1:20 of 1st period - Stopped by Magnus Hellberg without a rebound.
1:21 of 1st period - Miro Aaltonen wins face-off versus Kevin Veilleux in Knights zone.
1:21 of 1st period - Miro Aaltonen is hit by Carl Klingberg.
1:47 of 1st period - Dylan McIlrath is hit by Nicolas Petan.
1:53 of 1st period - Wrist shot by Jordan Martinook.
1:53 of 1st period - Stopped by Leland Irving without a rebound.
1:54 of 1st period - Ryan Bourque wins face-off versus Nicolas Petan in Rafales zone.
2:09 of 1st period - Wrist shot by Vince Hinostroza.
2:09 of 1st period - Stopped by Leland Irving without a rebound.
2:10 of 1st period - Kevin Veilleux wins face-off versus Miro Aaltonen in Rafales zone.
2:26 of 1st period - Minor Penalty to Tomas Kundratek for Hooking.
2:27 of 1st period - Kevin Veilleux wins face-off versus Dwight King in Knights zone.
2:49 of 1st period - Jordan Martinook is hit by Bruno Gervais and loses puck.
4:21 of 1st period - Slapshot by Julian Melchiori.
4:21 of 1st period - Shot Misses the Net.
4:23 of 1st period - Slapshot by Bruno Gervais.
4:23 of 1st period - Stopped by Magnus Hellberg without a rebound.
4:24 of 1st period - Kevin Veilleux wins face-off versus Dwight King in Knights zone.
4:26 of 1st period - Penalty to Tomas Kundratek is over, Tomas Kundratek is back on ice.
5:09 of 1st period - Tomas Kundratek is hit by Borna Rendulic and loses puck.
5:32 of 1st period - Snap shot by Jordan Martinook.
5:32 of 1st period - Shot Blocked by Slater Koekkoek.
5:38 of 1st period - Minor Penalty to Slater Koekkoek for Slashing.
5:39 of 1st period - Carl Klingberg wins face-off versus Miro Aaltonen in Rafales zone.
7:38 of 1st period - Penalty to Slater Koekkoek is over, Slater Koekkoek is back on ice.
8:14 of 1st period - Snap shot by Tim Crowder.
8:14 of 1st period - Goal by Tim Crowder - Knights : 0 - Rafales : 1.
8:15 of 1st period - Nicolas Petan wins face-off versus Joe Labate in neutral zone.
8:20 of 1st period - Snap shot by Jordan Martinook.
8:20 of 1st period - Stopped by Leland Irving without a rebound.
8:21 of 1st period - Nicolas Petan wins face-off versus Joe Labate in Rafales zone.
8:30 of 1st period - Snap shot by Vince Hinostroza.
8:30 of 1st period - Shot Blocked by Joe Labate.
8:32 of 1st period - Slapshot by Olli Maatta.
8:32 of 1st period - Stopped by Leland Irving with a rebound.
9:10 of 1st period - Snap shot by Tim Crowder.
9:10 of 1st period - Stopped by Magnus Hellberg without a rebound.
9:11 of 1st period - Kevin Veilleux wins face-off versus Miro Aaltonen in Knights zone.
9:14 of 1st period - Slapshot by Andrew Shaw.
9:14 of 1st period - Shot Blocked by Jaccob Slavin.
9:43 of 1st period - Wrist shot by Tim Crowder.
9:43 of 1st period - Shot Misses the Net.
9:45 of 1st period - Slapshot by Tim Crowder.
9:45 of 1st period - Stopped by Magnus Hellberg with a rebound.
10:17 of 1st period - Slapshot by Linden Vey.
10:17 of 1st period - Stopped by Leland Irving with a rebound.
10:19 of 1st period - Wrist shot by Miro Aaltonen.
10:19 of 1st period - Stopped by Leland Irving without a rebound.
10:20 of 1st period - Miro Aaltonen wins face-off versus Joe Labate in Rafales zone.
10:29 of 1st period - Snap shot by Joe Labate.
10:29 of 1st period - Shot Blocked by Ludwig Bystrom.
10:31 of 1st period - Snap shot by Joe Labate.
10:31 of 1st period - Shot Misses the Net.
10:33 of 1st period - Slapshot by Joey Laleggia.
10:33 of 1st period - Stopped by Magnus Hellberg with a rebound.
10:45 of 1st period - Snap shot by Borna Rendulic.
10:45 of 1st period - Shot Misses the Net.
11:07 of 1st period - Snap shot by Borna Rendulic.
11:07 of 1st period - Stopped by Magnus Hellberg without a rebound.
11:08 of 1st period - Carl Klingberg wins face-off versus Brendan Gaunce in Knights zone.
13:21 of 1st period - Michael Matheson is hit by Tyrell Goulbourne and loses puck.
13:26 of 1st period - Backhand shot by Ryan Bourque.
13:26 of 1st period - Shot Misses the Net.
13:28 of 1st period - Snap shot by Bruno Gervais.
13:28 of 1st period - Deflect By James Marcou.
13:28 of 1st period - Shot Misses the Net.
13:28 of 1st period - Puck is out of play.
13:29 of 1st period - Miro Aaltonen wins face-off versus Kevin Veilleux in Knights zone.
13:54 of 1st period - Joey Laleggia is hit by Brendan Gaunce and loses puck.
13:59 of 1st period - Wrist shot by Brendan Gaunce.
13:59 of 1st period - Stopped by Leland Irving without a rebound.
14:00 of 1st period - Miro Aaltonen wins face-off versus Kevin Veilleux in Rafales zone.
14:01 of 1st period - Snap shot by Dwight King.
14:01 of 1st period - Stopped by Leland Irving with a rebound.
14:03 of 1st period - Slapshot by Ryan Strome.
14:03 of 1st period - Shot Misses the Net.
14:05 of 1st period - Slapshot by Ryan Strome.
14:05 of 1st period - Shot Blocked by Julian Melchiori.
14:07 of 1st period - Wrist shot by Dwight King.
14:07 of 1st period - Deflect By Carl Klingberg.
14:07 of 1st period - Stopped by Leland Irving with a rebound.
14:09 of 1st period - Snap shot by Dwight King.
14:09 of 1st period - Shot Misses the Net.
14:11 of 1st period - Slapshot by Olli Maatta.
14:11 of 1st period - Shot Misses the Net.
14:13 of 1st period - Wrist shot by Dwight King.
14:13 of 1st period - Stopped by Leland Irving with a rebound.
14:23 of 1st period - Jayson Megna is hit by Linden Vey and loses puck.
14:48 of 1st period - Backhand shot by Valentin Zykov.
14:48 of 1st period - Shot Misses the Net.
14:56 of 1st period - Snap shot by Nikolay Goldobin.
14:56 of 1st period - Shot Misses the Net.
15:14 of 1st period - Snap shot by Ryan Strome.
15:14 of 1st period - Stopped by Leland Irving without a rebound.
15:15 of 1st period - Miro Aaltonen wins face-off versus Kevin Veilleux in Rafales zone.
15:44 of 1st period - Wrist shot by Miro Aaltonen.
15:44 of 1st period - Deflect By Linden Vey.
15:44 of 1st period - Shot Misses the Net.
15:44 of 1st period - Puck is out of play.
15:45 of 1st period - Jayson Megna wins face-off versus Brendan Gaunce in Rafales zone.
16:20 of 1st period - Slapshot by Miro Aaltonen.
16:20 of 1st period - Stopped by Leland Irving with a rebound.
17:17 of 1st period - Off-side.
17:18 of 1st period - Kevin Veilleux wins face-off versus Miro Aaltonen in neutral zone.
17:21 of 1st period - Miro Aaltonen is hit by Bruno Gervais and loses puck.
17:38 of 1st period - Snap shot by Dwight King.
17:38 of 1st period - Shot Hit the Post.
17:40 of 1st period - Backhand shot by Tomas Kundratek.
17:40 of 1st period - Deflect By Dwight King.
17:40 of 1st period - Shot Blocked by Julian Melchiori.
17:40 of 1st period - Puck is out of play.
17:41 of 1st period - Ryan Bourque wins face-off versus Vince Hinostroza in Rafales zone.
18:38 of 1st period - Dwight King is hit by Dylan McIlrath and loses puck.
19:02 of 1st period - Linden Vey is hit by Tyrell Goulbourne and loses puck.
19:17 of 1st period - Slapshot by Nikolay Goldobin.
19:17 of 1st period - Shot Misses the Net.
19:19 of 1st period - Slapshot by Jaccob Slavin.
19:19 of 1st period - Stopped by Leland Irving with a rebound.
19:39 of 1st period - Backhand shot by Andrew Shaw.
19:39 of 1st period - Goal by Andrew Shaw - Knights : 0 - Rafales : 2.
19:40 of 1st period - Miro Aaltonen wins face-off versus Kevin Veilleux in neutral zone.
19:56 of 1st period - Wrist shot by Ryan Strome.
19:56 of 1st period - Shot Misses the Net.
Goals for this period are 0 for Knights vs 2 for Rafales.
Shots for this period are 15 for Knights vs 8 for Rafales.

2nd period


0:01 of 2nd period - Kevin Veilleux wins face-off versus Miro Aaltonen in neutral zone.
0:04 of 2nd period - Slapshot by Bruno Gervais.
0:04 of 2nd period - Stopped by Magnus Hellberg without a rebound.
0:05 of 2nd period - Miro Aaltonen wins face-off versus Kevin Veilleux in Knights zone.
0:11 of 2nd period - Off-side.
0:12 of 2nd period - Miro Aaltonen wins face-off versus Kevin Veilleux in neutral zone.
1:02 of 2nd period - Snap shot by Borna Rendulic.
1:02 of 2nd period - Shot Misses the Net.
2:01 of 2nd period - Julian Melchiori is hit by Nicolas Petan and loses puck.
2:20 of 2nd period - Linden Vey is hit by Julian Melchiori and loses puck.
2:27 of 2nd period - Slapshot by Brendan Gaunce.
2:27 of 2nd period - Shot Blocked by Julian Melchiori.
2:29 of 2nd period - Snap shot by Linden Vey.
2:29 of 2nd period - Shot Misses the Net.
3:03 of 2nd period - Off-side.
3:04 of 2nd period - Brendan Gaunce wins face-off versus Ryan Bourque in neutral zone.
4:03 of 2nd period - Snap shot by Chris Terry.
4:03 of 2nd period - Deflect By Jayson Megna.
4:03 of 2nd period - Stopped by Magnus Hellberg without a rebound.
4:04 of 2nd period - Brendan Gaunce wins face-off versus Joe Labate in Knights zone.
4:31 of 2nd period - Tomas Kundratek is hit by Kevin Veilleux and loses puck.
6:36 of 2nd period - Wrist shot by Nikolay Goldobin.
6:36 of 2nd period - Shot Misses the Net.
6:38 of 2nd period - Slapshot by Tomas Kundratek.
6:38 of 2nd period - Shot Misses the Net.
6:40 of 2nd period - Slapshot by Jaccob Slavin.
6:40 of 2nd period - Shot Blocked by Slater Koekkoek.
6:42 of 2nd period - Slapshot by Tomas Kundratek.
6:42 of 2nd period - Shot Blocked by Slater Koekkoek.
6:44 of 2nd period - Slapshot by Jaccob Slavin.
6:44 of 2nd period - Deflect By Tyrell Goulbourne.
6:44 of 2nd period - Stopped by Leland Irving without a rebound.
6:45 of 2nd period - Miro Aaltonen wins face-off versus Kevin Veilleux in Rafales zone.
6:54 of 2nd period - Snap shot by Ryan Strome.
6:54 of 2nd period - Goal by Ryan Strome - Knights : 1 - Rafales : 2.
6:55 of 2nd period - Miro Aaltonen wins face-off versus Kevin Veilleux in neutral zone.
7:20 of 2nd period - Bruno Gervais is hit by Linden Vey and loses puck.
7:29 of 2nd period - Wrist shot by Linden Vey.
7:29 of 2nd period - Goal by Linden Vey - Knights : 2 - Rafales : 2.
7:30 of 2nd period - Carl Klingberg wins face-off versus Ryan Strome in neutral zone.
7:41 of 2nd period - Wrist shot by Andrew Shaw.
7:41 of 2nd period - Deflect By Kevin Veilleux.
7:41 of 2nd period - Stopped by Magnus Hellberg without a rebound.
7:42 of 2nd period - Miro Aaltonen wins face-off versus Kevin Veilleux in Knights zone.
7:53 of 2nd period - Slapshot by Miro Aaltonen.
7:53 of 2nd period - Shot Misses the Net.
7:55 of 2nd period - Backhand shot by Dwight King.
7:55 of 2nd period - Shot Hit the Post.
7:57 of 2nd period - Slapshot by Olli Maatta.
7:57 of 2nd period - Deflect By Ryan Strome.
7:57 of 2nd period - Shot Blocked by Carl Klingberg.
7:57 of 2nd period - Puck is out of play.
7:58 of 2nd period - Jayson Megna wins face-off versus Brendan Gaunce in Rafales zone.
7:58 of 2nd period - Jayson Megna is hit by Linden Vey.
8:03 of 2nd period - Off-side.
8:04 of 2nd period - Jayson Megna wins face-off versus Brendan Gaunce in neutral zone.
8:13 of 2nd period - Slapshot by Tomas Kundratek.
8:13 of 2nd period - Deflect By Linden Vey.
8:13 of 2nd period - Stopped by Leland Irving with a rebound.
8:33 of 2nd period - Wrist shot by Kevin Veilleux.
8:33 of 2nd period - Stopped by Magnus Hellberg without a rebound.
8:34 of 2nd period - Andrew Shaw wins face-off versus Miro Aaltonen in Knights zone.
8:41 of 2nd period - Snap shot by Andrew Shaw.
8:41 of 2nd period - Stopped by Magnus Hellberg without a rebound.
8:42 of 2nd period - Kevin Veilleux wins face-off versus Miro Aaltonen in Knights zone.
8:45 of 2nd period - Snap shot by Andrew Shaw.
8:45 of 2nd period - Shot Hit the Post.
8:47 of 2nd period - Snap shot by Dylan McIlrath.
8:47 of 2nd period - Deflect By Miro Aaltonen.
8:47 of 2nd period - Stopped by Magnus Hellberg with a rebound.
8:49 of 2nd period - Snap shot by Kevin Veilleux.
8:49 of 2nd period - Stopped by Magnus Hellberg with a rebound.
9:31 of 2nd period - Wrist shot by Borna Rendulic.
9:31 of 2nd period - Shot Misses the Net.
9:33 of 2nd period - Snap shot by Ben Thomson.
9:33 of 2nd period - Shot Blocked by Jordan Martinook.
10:08 of 2nd period - Bruno Gervais is hit by Collin Miller and loses puck.
10:17 of 2nd period - Snap shot by Miro Aaltonen.
10:17 of 2nd period - Stopped by Leland Irving without a rebound.
10:18 of 2nd period - Brendan Gaunce wins face-off versus Jayson Megna in Rafales zone.
10:19 of 2nd period - Wrist shot by Nikolaj Ehlers.
10:19 of 2nd period - Shot Misses the Net.
10:21 of 2nd period - Wrist shot by Linden Vey.
10:21 of 2nd period - Goal by Linden Vey - Knights : 3 - Rafales : 2.
10:22 of 2nd period - Kevin Veilleux wins face-off versus Ryan Strome in neutral zone.
10:47 of 2nd period - Julian Melchiori is hit by Linden Vey and loses puck.
12:07 of 2nd period - Dylan McIlrath is hit by Miro Aaltonen and loses puck.
13:09 of 2nd period - Slapshot by James Marcou.
13:09 of 2nd period - Stopped by Magnus Hellberg without a rebound.
13:10 of 2nd period - Jayson Megna wins face-off versus Miro Aaltonen in Knights zone.
13:15 of 2nd period - Slapshot by Chris Terry.
13:15 of 2nd period - Stopped by Magnus Hellberg with a rebound.
13:17 of 2nd period - Wrist shot by Dylan McIlrath.
13:17 of 2nd period - Shot Misses the Net.
13:19 of 2nd period - Slapshot by Julian Melchiori.
13:19 of 2nd period - Stopped by Magnus Hellberg without a rebound.
13:20 of 2nd period - Jayson Megna wins face-off versus Miro Aaltonen in Knights zone.
13:43 of 2nd period - Snap shot by Chris Terry.
13:43 of 2nd period - Shot Blocked by Olli Maatta.
13:45 of 2nd period - Wrist shot by Jayson Megna.
13:45 of 2nd period - Stopped by Magnus Hellberg with a rebound.
13:47 of 2nd period - Wrist shot by Tim Crowder.
13:47 of 2nd period - Shot Misses the Net.
13:49 of 2nd period - Backhand shot by Tim Crowder.
13:49 of 2nd period - Shot Misses the Net.
13:57 of 2nd period - Snap shot by Chris Terry.
13:57 of 2nd period - Shot Blocked by Dwight King.
13:59 of 2nd period - Snap shot by Tim Crowder.
13:59 of 2nd period - Shot Misses the Net.
14:01 of 2nd period - Snap shot by Tim Crowder.
14:01 of 2nd period - Stopped by Magnus Hellberg with a rebound.
14:03 of 2nd period - Snap shot by Jayson Megna.
14:03 of 2nd period - Deflect By Dwight King.
14:03 of 2nd period - Stopped by Magnus Hellberg with a rebound.
14:05 of 2nd period - Snap shot by Tim Crowder.
14:05 of 2nd period - Deflect By Olli Maatta.
14:05 of 2nd period - Stopped by Magnus Hellberg with a rebound.
14:07 of 2nd period - Slapshot by Dylan McIlrath.
14:07 of 2nd period - Shot Misses the Net.
14:09 of 2nd period - Slapshot by Dylan McIlrath.
14:09 of 2nd period - Stopped by Magnus Hellberg with a rebound.
14:11 of 2nd period - Slapshot by Julian Melchiori.
14:11 of 2nd period - Shot Misses the Net.
14:13 of 2nd period - Snap shot by Jayson Megna.
14:13 of 2nd period - Deflect By Chris Terry.
14:13 of 2nd period - Shot Misses the Net.
14:13 of 2nd period - Puck is out of play.
14:14 of 2nd period - Kevin Veilleux wins face-off versus Brendan Gaunce in Knights zone.
14:27 of 2nd period - Slapshot by Carl Klingberg.
14:27 of 2nd period - Stopped by Magnus Hellberg with a rebound.
14:29 of 2nd period - Minor Penalty to Nikolaj Ehlers for Holding.
14:30 of 2nd period - Dwight King wins face-off versus Carl Klingberg in Knights zone.
14:41 of 2nd period - Slapshot by Bruno Gervais.
14:41 of 2nd period - Stopped by Magnus Hellberg without a rebound.
14:42 of 2nd period - Kevin Veilleux wins face-off versus Dwight King in Knights zone.
16:29 of 2nd period - Penalty to Nikolaj Ehlers is over, Nikolaj Ehlers is back on ice.
16:37 of 2nd period - Tomas Kundratek is hit by Dylan McIlrath and loses puck.
17:08 of 2nd period - Slapshot by Nikolaj Ehlers.
17:08 of 2nd period - Shot Blocked by Tyrell Goulbourne.
17:10 of 2nd period - Backhand shot by Nikolaj Ehlers.
17:10 of 2nd period - Goal by Nikolaj Ehlers - Knights : 4 - Rafales : 2.
17:11 of 2nd period - Carl Klingberg wins face-off versus Miro Aaltonen in neutral zone.
17:49 of 2nd period - Minor Penalty to Ben Thomson for Hooking.
17:50 of 2nd period - Brendan Gaunce wins face-off versus Carl Klingberg in Rafales zone.
17:51 of 2nd period - Backhand shot by Jaccob Slavin.
17:51 of 2nd period - Stopped by Leland Irving with a rebound.
17:53 of 2nd period - Snap shot by Nikolaj Ehlers.
17:53 of 2nd period - Stopped by Leland Irving with a rebound.
17:55 of 2nd period - Wrist shot by Jaccob Slavin.
17:55 of 2nd period - Shot Blocked by Andrew Shaw.
17:57 of 2nd period - Slapshot by Brendan Gaunce.
17:57 of 2nd period - Shot Misses the Net.
17:59 of 2nd period - Slapshot by Jaccob Slavin.
17:59 of 2nd period - Shot Blocked by Julian Melchiori.
18:01 of 2nd period - Wrist shot by Collin Miller.
18:01 of 2nd period - Deflect By Bruno Gervais.
18:01 of 2nd period - Goal by Collin Miller - Knights : 5 - Rafales : 2.
18:02 of 2nd period - Andrew Shaw wins face-off versus Brendan Gaunce in neutral zone.
18:11 of 2nd period - Kevin Veilleux is hit by Linden Vey.
18:41 of 2nd period - Icing by Julian Melchiori.
18:42 of 2nd period - Jayson Megna wins face-off versus Brendan Gaunce in Rafales zone.
18:47 of 2nd period - Wrist shot by Brendan Gaunce.
18:47 of 2nd period - Shot Misses the Net.
18:55 of 2nd period - Backhand shot by Brendan Gaunce.
18:55 of 2nd period - Shot Misses the Net.
Goals for this period are 5 for Knights vs 0 for Rafales.
Shots for this period are 10 for Knights vs 17 for Rafales.

3rd period


0:01 of 3rd period - Kevin Veilleux wins face-off versus Brendan Gaunce in neutral zone.
0:16 of 3rd period - Snap shot by Kevin Veilleux.
0:16 of 3rd period - Stopped by Magnus Hellberg without a rebound.
0:17 of 3rd period - Jordan Martinook wins face-off versus Tim Crowder in Knights zone.
0:21 of 3rd period - Icing by Nicolas Petan.
0:22 of 3rd period - Jayson Megna wins face-off versus Nicolas Petan in Knights zone.
0:37 of 3rd period - Slapshot by Jordan Martinook.
0:37 of 3rd period - Stopped by Leland Irving without a rebound.
0:38 of 3rd period - Brendan Gaunce wins face-off versus Kevin Veilleux in Rafales zone.
1:03 of 3rd period - Chris Terry is hit by Dwight King and loses puck.
1:22 of 3rd period - Wrist shot by James Marcou.
1:22 of 3rd period - Shot Misses the Net.
1:24 of 3rd period - Wrist shot by James Marcou.
1:24 of 3rd period - Stopped by Magnus Hellberg with a rebound.
1:54 of 3rd period - Borna Rendulic is hit by Jordan Martinook.
2:08 of 3rd period - Snap shot by Nikolay Goldobin.
2:08 of 3rd period - Goal by Nikolay Goldobin - Knights : 6 - Rafales : 2.
2:08 of 3rd period - Jake Allen enters game.
2:09 of 3rd period - Kevin Veilleux wins face-off versus Brendan Gaunce in neutral zone.
2:35 of 3rd period - Olli Maatta is hit by Tim Crowder and loses puck.
2:50 of 3rd period - Chris Terry is hit by Dwight King and loses puck.
3:20 of 3rd period - Wrist shot by Nikolay Goldobin.
3:20 of 3rd period - Shot Blocked by Tyrell Goulbourne.
3:22 of 3rd period - Wrist shot by Kevin Fiala.
3:22 of 3rd period - Stopped by Jake Allen with a rebound.
3:30 of 3rd period - Slapshot by Tomas Kundratek.
3:30 of 3rd period - Stopped by Jake Allen without a rebound.
3:31 of 3rd period - Brendan Gaunce wins face-off versus Kevin Veilleux in Rafales zone.
3:42 of 3rd period - Slapshot by Linden Vey.
3:42 of 3rd period - Shot Misses the Net.
3:44 of 3rd period - Wrist shot by Linden Vey.
3:44 of 3rd period - Stopped by Jake Allen with a rebound.
3:56 of 3rd period - Andrew Shaw is hit by Jordan Martinook and loses puck.
4:43 of 3rd period - Jaccob Slavin is hit by Joe Labate and loses puck.
5:09 of 3rd period - Snap shot by James Marcou.
5:09 of 3rd period - Deflect By Tyrell Goulbourne.
5:09 of 3rd period - Shot Misses the Net.
5:09 of 3rd period - Puck is out of play.
5:10 of 3rd period - Jayson Megna wins face-off versus Miro Aaltonen in Knights zone.
5:42 of 3rd period - Wrist shot by Nicolas Petan.
5:42 of 3rd period - Stopped by Jake Allen without a rebound.
5:43 of 3rd period - Kevin Veilleux wins face-off versus Nicolas Petan in Rafales zone.
5:54 of 3rd period - Snap shot by Andrew Shaw.
5:54 of 3rd period - Stopped by Magnus Hellberg with a rebound.
6:17 of 3rd period - Tomas Kundratek is hit by Dylan McIlrath and loses puck.
6:32 of 3rd period - Ryan Strome is hit by Tyrell Goulbourne and loses puck.
6:50 of 3rd period - Slapshot by Nikolay Goldobin.
6:50 of 3rd period - Deflect By Kevin Fiala.
6:50 of 3rd period - Shot Hit the Post.
6:50 of 3rd period - Puck is out of play.
6:51 of 3rd period - Chris Terry wins face-off versus Kevin Fiala in Rafales zone.
6:51 of 3rd period - Chris Terry is hit by Olli Maatta.
7:07 of 3rd period - Wrist shot by Kevin Fiala.
7:07 of 3rd period - Shot Misses the Net.
7:27 of 3rd period - Snap shot by Chris Terry.
7:27 of 3rd period - Shot Misses the Net.
7:29 of 3rd period - Slapshot by Julian Melchiori.
7:29 of 3rd period - Shot Misses the Net.
7:31 of 3rd period - Slapshot by Jayson Megna.
7:31 of 3rd period - Shot Blocked by Collin Miller.
7:33 of 3rd period - Snap shot by Chris Terry.
7:33 of 3rd period - Stopped by Magnus Hellberg with a rebound.
7:35 of 3rd period - Slapshot by Bruno Gervais.
7:35 of 3rd period - Shot Blocked by Ryan Strome.
7:37 of 3rd period - Slapshot by Bruno Gervais.
7:37 of 3rd period - Deflect By Miro Aaltonen.
7:37 of 3rd period - Stopped by Magnus Hellberg without a rebound.
7:38 of 3rd period - Brendan Gaunce wins face-off versus Kevin Veilleux in Knights zone.
7:38 of 3rd period - Brendan Gaunce is hit by Kevin Veilleux.
7:44 of 3rd period - Slapshot by Andrew Shaw.
7:44 of 3rd period - Shot Misses the Net.
8:32 of 3rd period - Wrist shot by Joe Labate.
8:32 of 3rd period - Stopped by Magnus Hellberg without a rebound.
8:33 of 3rd period - Joe Labate wins face-off versus Nicolas Petan in Knights zone.
8:38 of 3rd period - Wrist shot by Joe Labate.
8:38 of 3rd period - Shot Blocked by Ludwig Bystrom.
8:40 of 3rd period - Slapshot by Borna Rendulic.
8:40 of 3rd period - Stopped by Magnus Hellberg without a rebound.
8:41 of 3rd period - Brendan Gaunce wins face-off versus Jayson Megna in Knights zone.
9:07 of 3rd period - Minor Penalty to Joe Labate for Boarding.
9:08 of 3rd period - Miro Aaltonen wins face-off versus Carl Klingberg in Rafales zone.
9:15 of 3rd period - Slapshot by Miro Aaltonen.
9:15 of 3rd period - Stopped by Jake Allen without a rebound.
9:16 of 3rd period - Andrew Shaw wins face-off versus Miro Aaltonen in Rafales zone.
11:07 of 3rd period - Penalty to Joe Labate is over, Joe Labate is back on ice.
11:14 of 3rd period - Snap shot by Borna Rendulic.
11:14 of 3rd period - Shot Misses the Net.
11:35 of 3rd period - Slater Koekkoek is hit by Olli Maatta and loses puck.
11:48 of 3rd period - Collin Miller is hit by Julian Melchiori and loses puck.
12:15 of 3rd period - Olli Maatta is hit by Borna Rendulic.
12:36 of 3rd period - Tomas Kundratek is hit by Andrew Shaw.
13:14 of 3rd period - Miro Aaltonen is hit by Ben Thomson and loses puck.
13:45 of 3rd period - Brendan Gaunce is hit by Carl Klingberg and loses puck.
14:04 of 3rd period - Michael Matheson is hit by Chris Terry and loses puck.
14:26 of 3rd period - Snap shot by Joe Labate.
14:26 of 3rd period - Stopped by Magnus Hellberg with a rebound.
14:28 of 3rd period - Snap shot by Julian Melchiori.
14:28 of 3rd period - Deflect By Ben Thomson.
14:28 of 3rd period - Goal by Ben Thomson - Knights : 6 - Rafales : 3.
14:29 of 3rd period - Ryan Strome wins face-off versus Kevin Veilleux in neutral zone.
15:18 of 3rd period - Collin Miller is hit by Joe Labate and loses puck.
15:30 of 3rd period - Minor Penalty to Borna Rendulic for Hooking.
15:31 of 3rd period - Miro Aaltonen wins face-off versus Carl Klingberg in Rafales zone.
15:32 of 3rd period - Snap shot by Dwight King.
15:32 of 3rd period - Stopped by Jake Allen with a rebound.
15:34 of 3rd period - Wrist shot by Collin Miller.
15:34 of 3rd period - Deflect By Dylan McIlrath.
15:34 of 3rd period - Goal by Collin Miller - Knights : 7 - Rafales : 3.
15:35 of 3rd period - Andrew Shaw wins face-off versus Miro Aaltonen in neutral zone.
16:05 of 3rd period - Slapshot by Chris Terry.
16:05 of 3rd period - Deflect By Tim Crowder.
16:05 of 3rd period - Shot Misses the Net.
16:05 of 3rd period - Puck is out of play.
16:06 of 3rd period - Jayson Megna wins face-off versus Brendan Gaunce in Knights zone.
16:53 of 3rd period - Vince Hinostroza is hit by Kevin Veilleux and loses puck.
17:18 of 3rd period - Backhand shot by Ryan Bourque.
17:18 of 3rd period - Stopped by Magnus Hellberg without a rebound.
17:19 of 3rd period - Kevin Veilleux wins face-off versus Miro Aaltonen in Knights zone.
17:33 of 3rd period - Slapshot by Miro Aaltonen.
17:33 of 3rd period - Deflect By Ryan Strome.
17:33 of 3rd period - Shot Blocked by Andrew Shaw.
17:33 of 3rd period - Puck is out of play.
17:34 of 3rd period - Jayson Megna wins face-off versus Brendan Gaunce in Rafales zone.
17:34 of 3rd period - Jayson Megna is hit by Nikolaj Ehlers.
17:59 of 3rd period - Linden Vey is hit by Joe Labate and loses puck.
18:06 of 3rd period - Ben Thomson is hit by Brendan Gaunce and loses puck.
18:13 of 3rd period - Snap shot by Brendan Gaunce.
18:13 of 3rd period - Stopped by Jake Allen with a rebound.
18:15 of 3rd period - Slapshot by Olli Maatta.
18:15 of 3rd period - Shot Blocked by Ben Thomson.
18:17 of 3rd period - Wrist shot by Nikolaj Ehlers.
18:17 of 3rd period - Shot Blocked by Julian Melchiori.
18:19 of 3rd period - Slapshot by Olli Maatta.
18:19 of 3rd period - Stopped by Jake Allen with a rebound.
18:21 of 3rd period - Slapshot by Collin Miller.
18:21 of 3rd period - Stopped by Jake Allen without a rebound.
18:22 of 3rd period - Kevin Veilleux wins face-off versus Miro Aaltonen in Rafales zone.
18:22 of 3rd period - Kevin Veilleux is hit by Dwight King.
18:38 of 3rd period - Wrist shot by Ryan Strome.
18:38 of 3rd period - Shot Blocked by Carl Klingberg.
18:58 of 3rd period - Tyrell Goulbourne is hit by Tomas Kundratek and loses puck.
19:25 of 3rd period - Michael Matheson is hit by Chris Terry and loses puck.
19:35 of 3rd period - Linden Vey is hit by Borna Rendulic and loses puck.
Goals for this period are 2 for Knights vs 1 for Rafales.
Shots for this period are 12 for Knights vs 10 for Rafales.